 Dungeon Crawl Stone Soup version 0.21.1-1-g345015f (webtiles) character file.

85 Mirai the Sneak (level 4, 0/24 HPs)
             Began as a Kobold Enchanter on Apr 27, 2018.
             Slain by a goblin
             ... wielding a +0 club
             ... led by Robin
              (5 damage)
             ... on level 2 of the Dungeon.
             The game lasted 00:04:41 (2105 turns).

Mirai the Sneak (Kobold Enchanter)                  Turns: 2105, Time: 00:04:42

Health: 0/24       AC:  2    Str:  5    XL:     4   Next: 75%
Magic:  2/8        EV: 16    Int: 16    God:
Gold:   136        SH:  0    Dex: 16    Spells: 2/8 levels left

rFire    . . .     SeeInvis .   a - +1 dagger
rCold    . . .     Gourm    .   (shield restricted)
rNeg     . . .     Faith    .   b - +0 robe
rPois    .         Spirit   .   (no helmet)
rElec    .         Reflect  .   (no cloak)
rCorr    .         Harm     .   (no gloves)
MR       .....                  (no boots)
Stlth    +++.......             (no amulet)
HPRegen  0.08/turn              (no ring)
MPRegen  0.11/turn              (no ring)

@: very slightly contaminated, hasted, very quick
A: small, carnivore
a: no special abilities


You were on level 2 of the Dungeon.
You were very full.

You visited 1 branch of the dungeon, and saw 2 of its levels.

You collected 136 gold pieces.

Inventory:

Hand Weapons
 a - a +1 dagger (weapon)
Armour
 b - a +0 robe (worn)
Jewellery
 i - an uncursed ring of fire
Scrolls
 f - 2 scrolls of enchant armour {unknown}
 h - 4 scrolls of identify {unknown}
Books
 c - a book of Maledictions

   Spells                             Type                      Level
   a - Corona                         Hexes                        1
   b - Ensorcelled Hibernation        Hexes/Ice                    2
   c - Confuse                        Hexes                        3
   d - Tukima's Dance                 Hexes                        3
   e - Dazzling Spray                 Conjuration/Hexes            3
Comestibles
 d - 6 rations
 g - 6 chunks of flesh


   Skills:
 + Level 2.6 Short Blades
 + Level 3.3 Dodging
 + Level 4.8 Stealth
 + Level 2.8 Spellcasting
 + Level 3.5 Hexes


You had 2 spell levels left.
You knew the following spells:

 Your Spells              Type           Power        Failure   Level  Hunger
a - Corona                Hex            ##.....      4%          1    #......
b - Ensorcelled Hibernat  Hex/Ice        #.....       14%         2    ##.....
c - Confuse               Hex            ##......     13%         3    ###....


Dungeon Overview and Level Annotations

Branches:
Dungeon (2/15)

Altars:

Annotations:
D:2 Robin


Innate Abilities, Weirdness & Mutations

You are small and have problems with some larger weapons.
You are carnivorous and can eat meat at any time.


Message History

You hit the goblin.
The goblin is heavily wounded.
The goblin closely misses you.
You barely miss the goblin.
The goblin is heavily wounded.
The goblin barely misses you. Robin throws the goblin at you!
* * * LOW HITPOINT WARNING * * *
You closely miss the goblin. The goblin closely misses you.
The goblin hits you.
* * * LOW HITPOINT WARNING * * *
Robin roars a battlecry!
The goblin goes into a battle-frenzy!
You feel better. The goblin hits you with a club.
* * * LOW HITPOINT WARNING * * *
The goblin misses you.
Robin roars a battlecry!
You hear a shout! x3
It was a potion of haste.
You feel yourself speed up. The goblin closely misses you.
The goblin hits you with a club.
You die...

###########
##.........#
#..8.....8..
#...........
##########...........
#..g@g..............#
#g#########....>....#
#.# #.........# #)#
#.8.....8.. #)#
#.......... #.#
#######.###
##g#####.. #......#
#........#
.....####.#
#..........#..
###..####.#


You could see Robin and 2 goblins.

Vanquished Creatures
  Terence (D:2)
  An adder (D:2)
  A dart slug (D:1)
  A leopard gecko (D:2)
  12 goblins
  7 hobgoblins
  4 jackals (D:1)
  A ball python (D:1)
  A bat (D:1)
  4 frilled lizards
  5 kobolds
  4 rats
42 creatures vanquished.

Notes
Turn   | Place    | Note
-------+----------+-------------------------------------------
     0 | D:1      | Mirai the Kobold Enchanter began the quest for the Orb.
     0 | D:1      | Reached XP level 1. HP: 10/10 MP: 3/3
   206 | D:1      | Reached XP level 2. HP: 13/15 MP: 5/5
   210 | D:1      | Learned a level 2 spell: Ensorcelled Hibernation
   382 | D:1      | Reached XP level 3. HP: 10/19 MP: 6/6
   541 | D:1      | Learned a level 3 spell: Confuse
  1490 | D:2      | Noticed Terence
  1494 | D:2      | Killed Terence
  1494 | D:2      | Reached XP level 4. HP: 24/24 MP: 2/8
  1865 | D:2      | Noticed Robin
  2105 | D:2      | Slain by a goblin

Skill      XL: |  1  2  3 |
---------------+----------+-----
Short Blades   | 2 |  2.6
Dodging        | 3 |  3.3
Stealth        | |  4.8
Spellcasting   | |  2.8
Hexes          | |  3.5

Action                   |  1- 3 |  4- 6 || total
-------------------------+-------+-------++-------
Melee: Dagger            |   126 |    88 ||   214
 Cast: Ensorcelled Hiber |    10 |     5 ||    15
       Corona            |     1 |       ||     1
  Use: Potion            |     1 |     2 ||     3
 Stab: Sleeping          |     8 |     2 ||    10
  Eat: Chunk             |     9 |     4 ||    13
Armor: Robe              |    14 |     6 ||    20
Dodge: Dodged            |    95 |    58 ||   153
